 Dungeon Crawl Stone Soup version 0.30.1-11-g7821555f0a (webtiles) character file.

Game seed: 5264285347490125609

8579 pkoi the Martial Artist (level 11, -1/89 HPs)
             Began as a Grey Draconian Monk on Nov 13, 2023.
             Was a High Priest of Elyvilon.
             Slain by a yak (9 damage)
             ... on level 10 of the Dungeon.
             The game lasted 00:15:52 (9891 turns).

pkoi the Martial Artist (Grey Draconian Monk)       Turns: 9891, Time: 00:15:53

Health: -1/89      AC: 19    Str: 14    XL:     11   Next: 11%
Magic:  17/19      EV: 14    Int: 14    God:    Elyvilon [*****.]
Gold:   745        SH:  0    Dex: 14    Spells: 8/10 levels left

rFire   . .          .
                       - Unarmed
rCold   . . .        b - orb {light}
rNeg    . . .        (body armour unavailable)
rPois   .            (helmet restricted)
rElec   .            F - +0 cloak
rCorr   .            w - +0 pair of gloves
SInv    .            v - +0 pair of boots
Will    .....        r - amulet of the acrobat
Stlth   +            k - +4 ring of protection
HPRegen 0.34/turn    u - ring of flight
MPRegen 0.16/turn

%: acrobat
@: flying, glowing
A: AC +12, amphibious, unfitting armour, cold-blooded, talons 1, screaming 1,
MP-powered wands
a: Renounce Religion, Purification, Heal Other, Heal Self, Divine Vigour


You were on level 10 of the Dungeon.
You worshipped Elyvilon.
Elyvilon was extremely pleased with you.
You visited 2 branches of the dungeon, and saw 11 of its levels.
You also visited: Ossuary and Bailey.

You collected 745 gold pieces.

Inventory:

Hand Weapons
 A - a +3 arbalest
Missiles
 j - a throwing net
 x - 12 javelins (quivered)
Armour
 b - an orb of light (worn)
 g - a +0 buckler
 v - a +0 pair of boots (worn)
 w - a +0 pair of gloves (worn)
 F - a +0 cloak (worn)
Jewellery
 h - a ring of ice
 k - a +4 ring of protection (left hand)
 r - an amulet of the acrobat (around neck)
 u - a ring of flight (right hand)
 C - a ring of positive energy
 G - a +6 ring of intelligence
Wands
 d - a wand of charming (11)
Scrolls
 c - a scroll of silence
 i - 4 scrolls of identify
 l - 5 scrolls of teleportation
 t - 2 scrolls of amnesia
 y - a scroll of immolation
 B - 4 scrolls of enchant weapon
 E - 2 scrolls of blinking
Potions
 a - 2 potions of ambrosia
 e - 2 potions of might
 f - a potion of cancellation
 m - 4 potions of curing
 n - a potion of invisibility
 o - 3 potions of haste
 p - 3 potions of magic
 q - 4 potions of heal wounds
 s - 2 potions of lignification
 z - 3 potions of brilliance
 D - a potion of resistance


   Skills:
 - Level 6.0 Fighting
 - Level 6.0 Dodging
 + Level 12.4 Unarmed Combat
 + Level 11.0 Invocations


You had 8 spell levels left.
You knew the following spells:

 Your Spells              Type           Power      Damage    Failure   Level
a - Blink                 Tloc           0%         N/A       41%         2

Your spell library contained the following spells:

 Spells                   Type           Power      Damage    Failure   Level
 Beastly Appendage        Tmut           0%         N/A       28%         1
 Freeze                   Ice            0%         1d3       28%         1
 Magic Dart               Conj           0%         1d3       28%         1
 Sandblast                Erth           0%         2d4       28%         1
 Sting                    Tmut/Pois      0%         1d3       28%         1
 Ensorcelled Hibernation  Hex/Ice        0%         N/A       41%         2
 Lesser Beckoning         Tloc           0%         N/A       41%         2
 Passwall                 Tmut/Erth      0%         N/A       41%         2
 Poisonous Vapours        Pois/Air       0%         N/A       41%         2
 Searing Ray              Conj           0%         2d4       41%         2
 Sublimation of Blood     Necr           0%         N/A       41%         2
 Wereblood                Tmut           0%         N/A       41%         2
 Dazzling Flash           Conj/Hex       0%         N/A       65%         3
 Frozen Ramparts          Ice            0%         1d1       65%         3
 Gell's Gravitas          Tloc           0%         N/A       65%         3
 Hailstorm                Conj/Ice       0%         3d3       65%         3
 Ignite Poison            Fire/Tmut/Pois 0%         N/A       65%         3
 Spider Form              Tmut/Pois      0%         N/A       65%         3
 Stone Arrow              Conj/Erth      0%         3d7       65%         3
 Swiftness                Air            0%         N/A       65%         3
 Teleport Other           Tloc           0%         N/A       65%         3
 Volatile Blastmotes      Fire/Tloc      0%         2d10      65%         3
 Cause Fear               Hex            0%         N/A       96%         4
 Fulminant Prism          Conj/Hex       0%         3d5       96%         4
 Iskenderun's Mystic Bla  Conj/Tloc      0%         2d3       96%         4
 Manifold Assault         Tloc           0%         N/A       96%         4
 Olgreb's Toxic Radiance  Pois           0%         N/A       96%         4
 Petrify                  Tmut/Erth      0%         N/A       96%         4
 Blade Hands              Tmut           0%         N/A       100%        5
 Irradiate                Conj/Tmut      0%         3d11      100%        5
 Starburst                Conj/Fire      0%         6d3       100%        6
 Dragon Form              Tmut           0%         N/A       100%        7
 Storm Form               Tmut/Air       0%         N/A       100%        7
 Dragon's Call            Summ           0%         N/A       100%        9


Dungeon Overview and Level Annotations

Branches:
Dungeon (10/15)            Temple (1/1) D:4            Lair (0/5) D:9
Ossuary (visited)          Bailey (visited)
    Orc: D:9-12

Altars:
Ashenzari
Cheibriados
Dithmenos
Elyvilon
Fedhas
Gozag
Hepliaklqana
Kikubaaqudgha
Makhleb
Nemelex Xobeh
Okawaru
Qazlal
Ru
Sif Muna
Trog
Uskayaw
Vehumet
Wu Jian
Xom
Yredelemnul
Zin
The Shining One

Shops:
D:9 [

Annotations:
D:10 Amaemon


Innate Abilities, Weirdness & Mutations

Your dull iron-grey scales are very hard. (AC +12)
You are amphibious.
You cannot fit into any form of body armour.
You are cold-blooded and may be slowed by cold attacks.
You have sharp toenails.
You occasionally shout uncontrollably at your foes.
You expend magic power (3 MP) to strengthen your wands.


Message History

You see here a yak corpse.
The yak misses the orc warrior.
You hit the yak.
The yak is lightly wounded.
The yak gores you but does no damage.
You punch the yak!
The yak is moderately wounded.
The yak closely misses you.
You punch the yak!
The yak is heavily wounded.
The yak gores you but does no damage.
An orc priest comes into view. It is wielding a +0 club.
The orc priest shouts!
You punch the yak!
The yak is almost dead.
You hit the yak.
The yak is almost dead.
The yak gores you.
You hit the yak but do no damage.
The yak is almost dead.
The yak gores you!
* * * LOW HITPOINT WARNING * * *
You hit the yak.
Your tail-slap misses the yak.
The yak is almost dead.
The yak gores you.
* * * LOW HITPOINT WARNING * * *
The orc priest invokes the aid of Beogh against you.
Beogh smites you!
* * * LOW HITPOINT WARNING * * *
An orc wizard comes into view. It is wielding a +0 dagger.
Press: ? - help, Dir - move target, f - orc priest Heal: an orc priest, wielding a +0 club (chance to pacify: 81%)
The orc priest turns neutral.
The yak barely misses you.
The orc wizard hits the orc priest with a +0 dagger.
Your Invocations skill increases to level 11!
Unknown command.
You hit the yak.
The yak is almost dead.
The yak gores you!
You die...

#.#
#########.#
#######
#.........#
.......
#.#########
####### #.#
#.# #.#
#.###########
#....@Y.†.o.#
###########o#
.# .Y .#.
.#.. .# ## o#


You could see a yak, an orc wizard and a neutral orc priest (distracted).

Vanquished Creatures
  A komodo dragon (D:10)
  A troll (D:9)
  9 yaks
  A shadow (D:8)
  Eustachio (D:4)
  4 wyverns
  Menkaure (D:5)
  4 water moccasins
  An acid dragon (D:7)
  2 black bears (D:9)
  12 orc warriors
  3 wolves
  2 ogres
  5 centaurs
  A kobold brigand (D:7)
  7 bullfrogs
  A water moccasin zombie (D:4)
  5 scorpions
  7 wights
  5 killer bees
  2 howler monkeys (D:7)
  2 centaur zombies (Ossuary)
  4 jellies
  6 hounds
  2 orc priests
  A sleepcap (D:5)
  5 iguanas
  10 orc wizards
  3 hound zombies (D:4)
  2 mummies (Ossuary)
  4 adders
  A howler monkey skeleton (D:4)
  A white imp (D:5)
  An ufetubus (D:6)
  2 adder skeletons (D:4)
  2 adder zombies (Ossuary)
  2 worms
  3 dart slugs (D:1)
  36 orcs
  6 ball pythons
  5 endoplasms
  A giant cockroach (D:3)
  5 goblins
  8 hobgoblins
  4 jackals (D:1)
  7 quokkas
  3 bats
  2 goblin zombies (Ossuary)
  9 hobgoblin zombies (Ossuary)
  A jackal skeleton (D:4)
  2 jackal zombies (Ossuary)
  6 kobolds
  11 kobold zombies (Ossuary)
  7 orc zombies (Ossuary)
  A rat (D:2)
  2 rat zombies (Ossuary)
242 creatures vanquished.

Vanquished Creatures (others)
  A wyvern (D:9)
  4 yaks
  Grum (D:10)
  A black bear (D:9)
  4 killer bees (D:10)
11 creatures vanquished.

Grand Total: 253 creatures vanquished

Notes
Turn   | Place    | Note
-------+----------+-------------------------------------------
     0 | D:1      | pkoi the Draconian Monk began the quest for the Orb.
     0 | D:1      | Reached XP level 1. HP: 19/19 MP: 1/1
   295 | D:1      | Reached XP level 2. HP: 19/26 MP: 2/2
   578 | D:1      | Reached skill level 4 in Unarmed Combat
   770 | D:1      | Reached XP level 3. HP: 31/31 MP: 3/3
  1358 | D:2      | You fall into a shaft and drop 1 floor!
  1590 | D:3      | Found a glowing silver altar of Zin.
  1669 | D:3      | Reached XP level 4. HP: 33/40 MP: 4/4
  2300 | D:4      | Reached skill level 5 in Unarmed Combat
  2300 | D:4      | Reached XP level 5. HP: 40/46 MP: 5/5
  2484 | D:4      | Noticed an ogre
  2488 | D:4      | Gained mutation: You occasionally shout uncontrollably at
                  | your foes. [potion of mutation]
  2488 | D:4      | Gained mutation: You have sharp toenails. [potion of
                  | mutation]
  2488 | D:4      | Gained mutation: You expend magic power (3 MP) to
                  | strengthen your wands. [potion of mutation]
  2496 | D:4      | Killed an ogre
  2497 | D:4      | Reached skill level 6 in Unarmed Combat
  2497 | D:4      | Reached XP level 6. HP: 55/55 MP: 6/6
  2510 | D:4      | Found a sand-covered staircase.
  2517 | Ossuary  | Entered an ossuary
  2605 | Ossuary  | Reached skill level 5 in Fighting
  2845 | D:4      | Found a staircase to the Ecumenical Temple.
  2869 | Temple   | Entered the Ecumenical Temple
  3172 | Temple   | Became a worshipper of Elyvilon the Healer
  3172 | Temple   | Reached * piety under Elyvilon
  3172 | Temple   | Reached ** piety under Elyvilon
  3317 | D:4      | Your scales start taking on a dull iron-grey colour.
  3317 | D:4      | Reached XP level 7. HP: 56/61 MP: 7/7
  3372 | D:4      | Found a snail-covered altar of Cheibriados.
  3434 | D:4      | Reached skill level 7 in Unarmed Combat
  3485 | D:5      | Entered Level 5 of the Dungeon
  3546 | D:5      | Noticed Eustachio
  3582 | D:4      | Killed Eustachio
  3583 | D:4      | Reached skill level 1 in Invocations
  3766 | D:5      | Noticed Menkaure
  3786 | D:5      | Killed Menkaure
  4131 | D:5      | Reached *** piety under Elyvilon
  4349 | D:5      | Reached XP level 8. HP: 70/70 MP: 10/10
  4536 | D:6      | Reached skill level 8 in Unarmed Combat
  4828 | D:6      | Reached **** piety under Elyvilon
  5189 | D:6      | Got the Exposition on Modification
  5440 | D:7      | Found an ornate altar of the Wu Jian Council.
  5440 | D:7      | Found the +7 staff of the Meek {protect, meekguard}
  5554 | D:7      | Reached skill level 5 in Invocations
  5556 | D:7      | Found a flagged portal.
  5564 | Bailey   | Entered a bailey
  5662 | Bailey   | Reached skill level 9 in Unarmed Combat
  5662 | Bailey   | Reached XP level 9. HP: 44/75 MP: 11/13
  5671 | Bailey   | Reached skill level 5 in Dodging
  5838 | Bailey   | Reached ***** piety under Elyvilon
  6111 | Bailey   | Noticed an orc knight
  6256 | Bailey   | Identified the amulet of the Firefly {RegenMP rF+ Will-
                  | Stlth+}
  6267 | D:7      | Learned a level 2 spell: Blink
  6872 | D:7      | Found a shimmering blue altar of Sif Muna.
  6884 | D:7      | Reached skill level 10 in Unarmed Combat
  6894 | D:7      | Found a bloodstained altar of Trog.
  7158 | D:8      | Reached XP level 10. HP: 83/83 MP: 14/16
  7383 | D:7      | HP: 4/83 [acid dragon/splash of acid (21)]
  7748 | D:8      | Identified the +2 robe of Peek-a-Boo {Will++}
  8339 | D:8      | Reached skill level 11 in Unarmed Combat
  8833 | D:9      | Found a staircase to the Lair.
  8971 | D:9      | Found an opulent altar of Gozag.
  9068 | D:9      | Found a basalt altar of Yredelemnul.
  9085 | D:9      | Reached skill level 10 in Invocations
  9091 | D:9      | Noticed a profane servitor
  9107 | D:9      | Found a glowing golden altar of the Shining One.
  9110 | D:9      | Noticed an angel
  9224 | D:9      | Found Beidghie's Antique Armour Shop.
  9326 | D:10     | Entered Level 10 of the Dungeon
  9365 | D:10     | Noticed Amaemon
  9365 | D:10     | Noticed an orange demon
  9428 | D:10     | Reached skill level 12 in Unarmed Combat
  9610 | D:10     | Noticed Grum
  9628 | D:10     | Pacified Grum
  9629 | D:10     | Reached XP level 11. HP: 77/89 MP: 15/18
  9637 | D:10     | Killed Grum
  9891 | D:10     | Slain by a yak

Illustrated notes

Levels and vault maps discovered:
D:1:      minmay_arrival_glassed_features, layout_basic
D:2:      layout_basic, chequers_serial_rivers_micro_e, minmay_misc_feat_doors
D:3:      layout_loops_ring, zin_academy
D:4:      layout_rooms, mainiacjoe_overflow_concentric_impassable,
          minmay_temple_entry_sparse_star, chequers_ossuary_entry_cave,
          serial_undead, serial_undead_d, serial_undead_c, serial_undead_d,
          serial_undead_d, hangedman_decor_lopped
D:5:      layout_gridville, uniq_eustachio, uniq_menkaure
D:6:      layout_loops_ring, minmay_stone_trees_small
D:7:      layout_loops_ring, nzn_overflow_gifts_of_might_and_magic,
          mainiacjoe_overflow_small_starburst, enter_bailey_3, grunt_ogre_cave,
          kennysheep_small_square
D:8:      layout_cave_pools, minmay_holes, hangedman_abyss_or_decor_slice,
          kennysheep_cross_bottleneck, minmay_orc_keep
D:9:      layout_cross, grunt_temple_overflow_holy_war,
          nicolae_overflow_crystal_walls, minmay_lair_entry_grove, serial_shops,
          shop, library_closet
D:10:     layout_basic, serial_shops, nicolae_shop_tiny_statue_garden,
          kennysheep_generic_room_7, uniq_grum, uniq_amaemon
Temple:   minmay_temple_curvy_branch

Skill      XL: |  1  2  3  4  5  6  7  8  9 10 11 |
---------------+----------------------------------+-----
Unarmed Combat | 4 5 6 7 9 10 12 | 12.4
Fighting       | 4 5 6 |  6.0
Invocations    | 2 5 8 10 11 | 11.0
Dodging        | 3 4 6 |  6.0

Action                     |  1- 3 |  4- 6 |  7- 9 | 10-12 || total
---------------------------+-------+-------+-------+-------++-------
  Melee: Unarmed           |   100 |   201 |   401 |   275 ||   977
         Tailslap          |    18 |    37 |    75 |    45 ||   175
  Throw: Javelin           |       |       |       |     3 ||     3
 Invoke: Heal Other        |       |       |       |    11 ||    11
    Use: Scroll            |       |    11 |     3 |     2 ||    16
         Potion            |       |     3 |     4 |     2 ||     9
   Stab: Distracted        |       |     1 |       |       ||     1
 Armour: Skin              |    18 |   131 |   154 |   170 ||   473
  Dodge: Dodged            |    47 |   179 |   361 |   276 ||   863
